 Dungeon Crawl Stone Soup version 0.24.0-35-gdb84b6a5db (webtiles) character file.

Game seed: 4789730407583389386, levelgen mode: deterministic

9054 Emblim88 the Grappler (level 11, -1/104 HPs)
             Began as a Troll Transmuter on Nov 20, 2019.
             Was a Priest of Qazlal.
             Succumbed to a worker ant's poison
             ... on level 8 of the Dungeon.
             The game lasted 00:22:46 (7221 turns).

Emblim88 the Grappler (Troll Transmuter)            Turns: 7221, Time: 00:22:46

Health: -1/104     AC:  7    Str: 22    XL:     11   Next: 18%
Magic:  13/13      EV: 13    Int: 10    God:    Qazlal [***...]
Gold:   502        SH:  4    Dex: 16    Spells: 8/14 levels left

rFire    . . .     SeeInvis .     - Unarmed
rCold    . . .     Gourm    +   (no shield)
rNeg     + . .     Faith    .   y - +0 robe {rN+}
rPois    .         Spirit   .   (helmet restricted)
rElec    .         Reflect  .   r - +0 cloak
rCorr    .         Harm     .   (gloves unavailable)
MR       .....                  (boots unavailable)
Stlth    +.........             (no amulet)
HPRegen  0.67/turn              t - +6 ring of dexterity
MPRegen  0.13/turn              (no ring)

@: lethally poisoned (-1 -> -45), appendage, very slightly contaminated
A: large, unfitting armour, claws 3, talons 3, fast metabolism 3, gourmand,
regeneration 1, shaggy fur 1, tough skin 3
a: End Transformation, Upheaval, Elemental Force, Renounce Religion


You were on level 8 of the Dungeon.
You worshipped Qazlal.
Qazlal was most pleased with you.
You were very hungry.
You had grown temporary talons.
You visited 2 branches of the dungeon, and saw 9 of its levels.

You collected 502 gold pieces.

Inventory:

Hand Weapons
 q - a +0 dagger of chaos
Missiles
 a - 86 arrows
Armour
 h - a +1 robe of fire resistance
 r - a +0 cloak (worn)
 y - a +0 robe of positive energy (worn)
Magical Staves
 k - an uncursed staff of wizardry {unknown}
Jewellery
 t - a +6 ring of dexterity (left claw)
Wands
 l - a wand of scattershot (2)
 u - a wand of flame (14)
 v - a wand of iceblast (10)
Scrolls
 e - a scroll of amnesia
 f - a scroll of fog
 g - a scroll of magic mapping
 i - 3 scrolls of fear
 j - 3 scrolls of immolation
 m - a scroll of identify
 n - 2 scrolls of remove curse
 p - 2 scrolls of teleportation
Potions
 o - 2 potions of lignification
 w - 2 potions of magic
Comestibles
 d - 12 rations


   Skills:
 + Level 5.5 Fighting
 + Level 5.7 Dodging
 * Level 10.0 Unarmed Combat
 - Level 2.4 Spellcasting
 * Level 6.9 Transmutations
 + Level 5.2 Invocations
 - Level 0.5 Evocations


You had 8 spell levels left.
You knew the following spells:

 Your Spells              Type           Power        Failure   Level  Hunger
a - Beastly Appendage     Tmut           ###...       1%          1    ##.....
b - Blade Hands           Tmut           ###.......   43%         5    ######.

Your spell library contained the following spells:

 Spells                   Type           Power        Failure   Level  Hunger
 Sticks to Snakes         Tmut           ###.....     2%          2    ###....
 Spider Form              Tmut/Pois      #.........   22%         3    ####...
 Animate Skeleton         Necr           N/A          30%         1    ##.....
 Apportation              Tloc           #.....       30%         1    ##.....
 Confusing Touch          Hex            #.....       30%         1    ##.....
 Summon Small Mammal      Summ           #...         30%         1    ##.....
 Ice Form                 Ice/Tmut       #.......     56%         4    #####..
 Petrify                  Tmut/Erth      #.......     56%         4    #####..
 Confuse                  Hex            #.......     65%         3    ####...
 Gell's Gravitas          Tloc           #.........   65%         3    ####...
 Yara's Violent Unravell  Hex/Tmut       #.........   89%         5    ######.
 Metabolic Englaciation   Hex/Ice        #.........   100%        5    ######.


Dungeon Overview and Level Annotations

Branches:
Dungeon (8/15)             Temple (1/1) D:5            Lair (0/6) D:8

Altars:
Ashenzari
Cheibriados
Dithmenos
Elyvilon
Fedhas
Gozag
Hepliaklqana
Kikubaaqudgha
Makhleb
Nemelex Xobeh
Okawaru
Qazlal
Ru
Sif Muna
Trog
Uskayaw
Vehumet
Xom
Zin
The Shining One
Beogh


Innate Abilities, Weirdness & Mutations

You are too large for most types of armour.
You have claws for hands.
Your metabolism is lightning-fast.
You like to eat raw meat.
Your natural rate of healing is unusually fast.
You are covered in fur. (AC +1)
You have extremely tough skin. (AC +3)
You have claws for feet.


Message History

You feel extremely sick.
The worker ant is engulfed in freezing vapours.
You kill the worker ant!
Qazlal accepts your kill.
Okay, then.
Blink to where?
Press: ? - help, Dir - move target cursor You are very lightly contaminated with residual magic.
As you read the scroll of blinking, it crumbles to dust.
* * * LOW HITPOINT WARNING * * *
You feel very sick.
* * * LOW HITPOINT WARNING * * *
You feel very sick.
* * * LOW HITPOINT WARNING * * *
You feel very sick.
You see here a soldier ant corpse.
* * * LOW HITPOINT WARNING * * *
You feel very sick.
There is a stone staircase leading up, spattered with blood here.
You die...

.≈≈≈≈.≈.≈≈≈.≈≈≈≈≈≈..<#
.≈≈≈≈≈≈≈≈≈≈≈≈≈≈≈≈....#
.≈≈≈≈≈≈≈≈≈≈≈≈.≈.......
.≈.≈≈≈≈≈≈≈≈≈≈..≈.≈(...
....≈≈≈≈≈≈≈..≈.≈.≈(...
...≈≈≈≈≈≈≈...........#
....####[.########...#
# ####..# #####.(.#
#@†a[.# ##[)[#...#
#.##a####.###[...#
#.##.#....# #.....
#..#.a#.##.###..... #
####.##[###...####.
#...#.##.[.##.......#.
#.....†#a..#.#.......
.......a.##.# #.......
.........# #.>...#####


You could see 2 worker ants.

Vanquished Creatures
  A queen ant (D:8)
  3 centaur zombies (D:7)
  2 hellwings (D:7)
  A redback zombie (D:7)
  A troll (D:8)
  2 hungry ghosts
  13 soldier ants
  A water moccasin (D:5)
  2 orc warriors (D:7)
  3 wolves
  9 ogres
  A necrophage (D:7)
  A centaur (D:6)
  A crocodile (D:8)
  A wyvern zombie (D:7)
  3 bullfrogs
  5 scorpions
  10 wights
  3 electric eels (D:8)
  A howler monkey (D:8)
  A crimson imp (D:3)
  A quasit (D:7)
  5 orc priests
  A gnoll shaman (D:7)
  10 hounds
  4 centaur skeletons
  4 iguanas
  5 orc wizards
  25 worker ants
  A hound skeleton (D:4)
  Robin (D:3)
  7 adders
  6 gnolls
  5 shadow imps
  2 adder skeletons
  An adder zombie (D:8)
  3 worms
  2 dart slugs (D:2)
  4 leopard geckos
  12 orcs
  3 ball pythons
  5 giant cockroaches
  18 goblins
  14 hobgoblins
  4 jackals (D:2)
  6 kobolds
  2 quokkas (D:4)
  2 bats
  5 frilled lizards
  9 rats
232 creatures vanquished.

Vanquished Creatures (others)
  A withered plant (D:7)
1 creature vanquished.

Grand Total: 233 creatures vanquished

Notes
Turn   | Place    | Note
-------+----------+-------------------------------------------
     0 | D:1      | Emblim88 the Troll Transmuter began the quest for the Orb.
     0 | D:1      | Reached XP level 1. HP: 18/18 MP: 1/1
   241 | D:1      | Reached XP level 2. HP: 23/26 MP: 3/3
   268 | D:1      | Reached skill level 1 in Fighting
   825 | D:2      | Reached XP level 3. HP: 33/33 MP: 4/4
   835 | D:2      | Found a snail-covered altar of Cheibriados.
  1002 | D:2      | Found a hazy altar of Hepliaklqana.
  1063 | D:2      | Found a glowing silver altar of Zin.
  1075 | D:2      | Reached XP level 4. HP: 41/41 MP: 5/5
  1616 | D:3      | Reached skill level 4 in Unarmed Combat
  1653 | D:3      | Noticed Robin
  1663 | D:3      | Killed Robin
  2091 | D:3      | Found a shimmering altar of Xom.
  2092 | D:3      | Found a burning altar of Makhleb.
  2101 | D:3      | Reached XP level 5. HP: 35/49 MP: 6/6
  2141 | D:3      | HP: 1/49 [gnoll/+0 spear (6)]
  2393 | D:3      | Found a roughly hewn altar of Beogh.
  2402 | D:3      | Reached XP level 6. HP: 17/57 MP: 6/8
  2767 | D:4      | Noticed a hungry ghost
  2773 | D:4      | Reached skill level 5 in Unarmed Combat
  2777 | D:4      | Killed a hungry ghost
  2777 | D:4      | Reached XP level 7. HP: 61/66 MP: 7/9
  3256 | D:5      | Entered Level 5 of the Dungeon
  3391 | D:5      | Found a staircase to the Ecumenical Temple.
  3402 | Temple   | Entered the Ecumenical Temple
  3496 | Temple   | Became a worshipper of Qazlal Stormbringer
  3573 | D:5      | Reached skill level 6 in Unarmed Combat
  3643 | D:5      | Reached XP level 8. HP: 72/74 MP: 10/10
  3650 | D:5      | Reached skill level 1 in Invocations
  4016 | D:6      | Found a blossoming altar of Fedhas.
  4360 | D:6      | Found a hide-covered altar of Uskayaw.
  4603 | D:7      | Reached skill level 7 in Unarmed Combat
  4608 | D:7      | Reached * piety under Qazlal
  4638 | D:7      | Reached XP level 9. HP: 17/84 MP: 9/11
  4760 | D:7      | Found a shimmering blue altar of Sif Muna.
  4796 | D:7      | Found a shattered altar of Ashenzari.
  4859 | D:7      | Noticed a hellwing
  4871 | D:7      | Killed a hellwing
  4889 | D:7      | Reached skill level 5 in Transmutations
  4901 | D:7      | Reached skill level 8 in Unarmed Combat
  5022 | D:7      | Noticed a hellwing
  5037 | D:7      | Killed a hellwing
  5046 | D:7      | Reached XP level 10. HP: 84/94 MP: 12/12
  5066 | D:7      | Learned a level 5 spell: Blade Hands
  5257 | D:7      | Reached ** piety under Qazlal
  5257 | D:7      | Reached skill level 5 in Dodging
  5269 | D:7      | Found an iron altar of Okawaru.
  5315 | D:7      | Found a bloodstained altar of Trog.
  5337 | D:7      | Found a shadowy altar of Dithmenos.
  5549 | D:8      | Reached skill level 9 in Unarmed Combat
  5752 | D:8      | Found a staircase to the Lair.
  5758 | D:8      | Reached skill level 5 in Fighting
  5784 | D:7      | HP: 2/96 [soldier ant (12)]
  6604 | D:8      | Reached *** piety under Qazlal
  6625 | D:8      | Reached skill level 5 in Invocations
  6637 | D:8      | Noticed a queen ant
  6885 | D:8      | Reached XP level 11. HP: 98/104 MP: 13/13
  7215 | D:8      | Killed a queen ant
  7215 | D:8      | Reached skill level 10 in Unarmed Combat
  7220 | D:8      | HP: 3/104 [poisoned by a worker ant]
  7221 | D:8      | Succumbed to a worker ant's poison

Levels and vault maps discovered:
D:1:      enne_arrival_octagon_isle, layout_basic, hex_tiny
D:2:      layout_loops_ring, lemuel_doored_altar, zin_statuary,
          kennysheep_slug_shrine
D:3:      layout_loops_corners, grunt_temple_overflow_champion_of_chaos,
          kennysheep_orc_chapel, uniq_robin
D:4:      layout_rooms, first_ration
D:5:      layout_basic, minmay_temple_entry_poolview
D:6:      layout_basic, lemuel_round_altar, kennysheep_mini, serial_bayou_pond_c
D:7:      cheibrodos_grave_circle, layout_basic, old_standard_altar,
          lightli_temple_of_fire, gammafunk_temple_overflow_statue,
          marbit_many_paths, grunt_ogre_cave
D:8:      layout_loops_cross, lemuel_round_altar, erik_lair_island,
          enter_bailey_6, zaba_anthell
Temple:   dpeg_three_leaves_temple

Skill      XL: |  1  2  3  4  5  6  7  8  9 10 11 |
---------------+----------------------------------+-----
Fighting       | 1 2 3 4 5 |  5.5
Dodging        | 2 3 4 5 |  5.7
Unarmed Combat | 4 5 6 7 8 9 10 | 10.0
Transmutations | 2 3 4 5 6 |  6.9
Spellcasting   | 2 |  2.4
Invocations    | 2 3 5 |  5.2
Evocations     | |  0.5

Action                   |  1- 3 |  4- 6 |  7- 9 | 10-12 || total
-------------------------+-------+-------+-------+-------++-------
Melee: Unarmed           |   100 |   145 |   249 |   295 ||   789
       Headbutt          |       |     2 |     3 |       ||     5
       Punch             |       |     2 |     9 |    14 ||    25
       Kick              |       |       |    11 |    34 ||    45
 Cast: Beastly Appendage |       |     2 |     6 |     8 ||    16
  Use: Potion            |       |     4 |     3 |     7 ||    14
       Scroll            |       |       |    14 |     1 ||    15
 Stab: Sleeping          |       |     1 |     1 |       ||     2
  Eat: Chunk             |    12 |     8 |    18 |     2 ||    40
       Ration            |     1 |       |     2 |     5 ||     8
Armor: Robe              |    27 |    46 |    75 |    64 ||   212
Dodge: Dodged            |    40 |    61 |   144 |   152 ||   397
Block: Other             |       |       |     2 |    31 ||    33
